 Dungeon Crawl Stone Soup version 0.29-a0-317-gd16b76e6b1 (webtiles) character file.

Game seed: 619349410748024742

2 Ajdolov the Sneak (level 1, -1/22 HPs)
             Began as a Troll Delver on Mar 31, 2022.
             Killed by nerve-wracking pain
             ... invoked by an orc priest
              (7 damage)
             ... on level 5 of the Dungeon.
             The game lasted 00:00:11 (74 turns).

Ajdolov the Sneak (Troll Delver)                      Turns: 74, Time: 00:00:12

Health: -1/22      AC:  4    Str: 19    XL:     1   Next: 25%
Magic:  0/0        EV:  9    Int:  6    God:
Gold:   0          SH:  0    Dex: 11    Spells: 0/0 levels left

rFire   . . .      SeeInvis .     - Unarmed
rCold   . . .      Faith    .   (no shield)
rNeg    . . .      Spirit   .   a - +0 robe
rPois   .          Reflect  .   (helmet restricted)
rElec   .          Harm     .   (no cloak)
rCorr   .          Rampage  .   (gloves unavailable)
Will    .....                   (boots unavailable)
Stlth   ++........              (no amulet)
HPRegen 0.87/turn               (no ring)
MPRegen 0.07/turn               (no ring)

@: hasted, very quick
A: large, unfitting armour, claws 3, regeneration 1, shaggy fur 1, tough skin 1
a: no special abilities


You were on level 5 of the Dungeon.
You visited 1 branch of the dungeon, and saw 1 of its levels.

Inventory:

Armour
 a - a +0 robe (worn)
Wands
 f - a wand of digging (3)
Scrolls
 b - a scroll of fog
 c - a scroll of magic mapping
 d - a scroll of fear
Potions
 g - 2 potions of attraction {unknown}


   Skills:
 + Level 2.4 Fighting
 - Level 1.5 Dodging
 - Level 2.7 Stealth
 * Level 2.1 Unarmed Combat


You couldn't memorise any spells.
You didn't know any spells.
Your spell library was empty.

Dungeon Overview and Level Annotations

Branches:
Dungeon (5/15)
 Temple: D:4-7

Altars:

Annotations:
D:5 1 transporter


Innate Abilities, Weirdness & Mutations

You are too large for most types of armour.
You have claws for hands.
Your natural rate of healing is unusually fast.
You are covered in fur. (AC +1)
You have tough skin. (AC +1)


Message History

Found a stone staircase leading up.
g - 2 sedimented sapphire potions You open the door.
Found a great sword.
There is an open door here.
An orc comes into view. It is wielding a +0 flail.
Found a transporter.
An orc comes into view. It is wielding a +0 dagger.
The orc shouts!
An orc priest and an orc come into view.
An orc comes into view. It is wielding a +0 whip.
The orc shouts! x2
The orc hits you but does no damage.
The orc priest shouts!
Sorry, you're not good enough to have a special ability.
You feel yourself speed up.
You scratch the orc but do no damage. You barely miss the orc.
The orc hits you with a +0 dagger.
You scratch the orc but do no damage. Your claw misses the orc.
You claw the orc!
You kill the orc!
The orc priest casts a cantrip, but nothing happens.
The orc closely misses you. The orc hits you with a +0 flail!
Unknown command.
You scratch the orc.
The orc is lightly wounded.
You scratch the orc.
The orc is almost dead.
The orc closely misses you. The orc hits you with a +0 flail.
The orc hits you with a +0 dagger.
* * * LOW HITPOINT WARNING * * *
You are too injured to fight recklessly!
Unknown command.
You completely miss the orc. The orc closely misses you.
The orc hits you but does no damage. The orc closely misses you.
You scratch the orc.
You kill the orc!
The orc priest mumbles some strange prayers to Beogh against you.
Pain shoots through your body!
You die...

....... .© ....... #..
....... #.. ....... #.#
....... #.# ....... #.#
......o######.##########
#..o)@......#.........
#...o.......#.........
..............'.........
#######)......#.........
#.......#.........
#########.........
####.##### #.# #.#


You could see an orc priest and 2 orcs.

Vanquished Creatures
  2 orcs (D:5)
2 creatures vanquished.

Notes
Turn   | Place    | Note
-------+----------+-------------------------------------------
     0 | D:5      | Ajdolov the Troll Delver began the quest for the Orb.
     0 | D:5      | Reached XP level 1. HP: 22/22 MP: 0/0
    60 | D:5      | Found a transporter.
    64 | D:5      | Noticed an orc priest
    74 | D:5      | Killed from afar by an orc priest

Illustrated notes

Levels and vault maps discovered:
D:5:      layout_basic, gammafunk_temple_of_torment, st_stairs_8,
          minmay_misc_feat_pillars, uniq_ijyb

Action                   || total
-------------------------++-------
Melee: Unarmed           ||     8
  Use: Potion            ||     1
Armor: Robe              ||     2
Dodge: Dodged            ||     4

Table legend: (Time is in decaauts)
 A = Elapsed time spent in this place.
 B = Non-inter-level travel time spent in this place.
 C = Inter-level travel time spent in this place.
 D = Time resting spent in this place.
 E = Time spent auto-exploring this place.
 F = Levels seen in this place.
 G = Mean time per level.
                   A        B        C        D        E       F      G
               +--------+--------+--------+--------+--------+-----+--------+
         Total |     71 |     71 |      0 |      0 |     56 |   1 |   71.0 |
       Dungeon |     71 |     71 |      0 |      0 |     56 |   1 |   71.0 |
               +--------+--------+--------+--------+--------+-----+--------+

Top non-repeatable levels by time:
     D:5: 71 daAuts
